 Dungeon Crawl Stone Soup version 0.31-a0-750-gfe7b580527 (webtiles) character file.

Game seed: 4999950755047582790

15696 Aneyh the Impaler (level 12, 0/59 HPs)
             Began as a Tengu Monk on Sept 14, 2023.
             Was a High Priest of Hepliaklqana.
             Slain by a skeletal warrior
             ... wielding a +0 scimitar
              (6 damage)
             ... on level 10 of the Dungeon.
             The game lasted 00:26:03 (11873 turns).

Aneyh the Impaler (Tengu Monk)                     Turns: 11873, Time: 00:26:04

Health: 0/59       AC:  9    Str: 16    XL:     12   Next: 29%
Magic:  0/13       EV: 22    Int: 11    God:    Hepliaklqana [*****.]
Gold:   599        SH:  0    Dex: 17    Spells: 4/11 levels left

rFire   . . .        a - +2 trident (venom)
rCold   + . .        (no shield)
rNeg    . . .        w - +2 leather armour {rC+}
rPois   .            (helmet restricted)
rElec   +            R - +2 cloak
rCorr   .            u - +0 pair of gloves
SInv    .            (boots unavailable)
Will    .....        r - amulet of the Prince of Darkness {Spirit +Inv rElec}
Stlth   +            h - +4 ring of slaying
HPRegen 0.29/turn    Y - +5 ring of evasion
MPRegen 0.13/turn

%: acrobat, guardian spirit
@: flying, very slightly contaminated
A: reduced essence, beak, talons 3, evasive flight, acrobatic
a: Renounce Religion, Evoke Invisibility, Recall Ancestor, Ancestor Identity,
Transference, Idealise


You were on level 10 of the Dungeon.
You worshipped Hepliaklqana.
Hepliaklqana was extremely pleased with you.
You visited 1 branch of the dungeon, and saw 12 of its levels.
You also visited: Sewer.

You collected 599 gold pieces.

Inventory:

Hand Weapons
 a - a +2 trident of venom (weapon)
 b - a +0 longbow
 v - a +0 war axe
 B - a +0 halberd
 L - a +0 orcbow
 V - a +0 morningstar of protection
Missiles
 k - 16 poisoned darts
 A - 3 throwing nets
Armour
 u - a +0 pair of gloves (worn)
 w - a +2 leather armour of cold resistance (worn)
 R - a +2 cloak (worn)
 U - a +0 buckler
 Z - a +1 chain mail of cold resistance
Jewellery
 h - a +4 ring of slaying (left hand)
 i - a ring of wizardry
 l - an amulet of guardian spirit
 p - an amulet of reflection
 r - the amulet of the Prince of Darkness (around neck) {Spirit +Inv rElec}
   (You acquired it on level 6 of the Dungeon)

   [amulet of guardian spirit]

   Spirit:    It causes incoming damage to be divided between your reserves of
   health and magic.
   rElec:     It insulates you from electricity.
   +Inv:      It lets you turn invisible.
 z - an amulet of regeneration
 S - an amulet of magic regeneration
 Y - a +5 ring of evasion (right hand)
Wands
 m - a wand of digging (6)
 G - a wand of acid (5)
 H - a wand of polymorph (12)
 I - a wand of paralysis (19)
 M - a wand of flame (31)
 Q - a wand of roots (2)
 T - a wand of mindburst (10)
Scrolls
 e - 5 scrolls of fog {unknown}
 j - 4 scrolls of teleportation
 o - a scroll of fear {unknown}
 q - 2 scrolls of silence {unknown}
 s - a scroll of amnesia {unknown}
 t - a scroll of immolation {unknown}
 x - 2 scrolls of torment
 y - 2 scrolls of enchant weapon
 E - 3 scrolls of blinking
 F - 2 scrolls of revelation {unknown}
 N - 6 scrolls of identify
 P - 2 scrolls of noise {unknown}
Potions
 c - a potion of haste {unknown}
 d - 4 potions of might {unknown}
 f - 4 potions of curing {unknown}
 g - 3 potions of attraction
 n - a potion of degeneration {unknown}
 C - a potion of enlightenment {unknown}
 D - a potion of brilliance {unknown}
 J - 2 potions of magic {unknown}
 K - 4 potions of heal wounds {unknown}
 O - a potion of lignification {unknown}
 W - 12 potions of ambrosia
 X - a potion of resistance {unknown}


   Skills:
 - Level 4.0 Fighting
 - Level 18.0 Polearms
 - Level 4.0 Dodging
 + Level 12.0 Summonings


You had 4 spell levels left.
You knew the following spells:

 Your Spells              Type           Power      Damage    Failure   Level
a - Call Canine Familiar  Summ           26%        N/A       1%          3
b - Summon Ice Beast      Ice/Summ       13%        N/A       36%         4

Your spell library contained the following spells:

 Spells                   Type           Power      Damage    Failure   Level
 Summon Small Mammal      Summ           100%       N/A       1%          1
 Summon Guardian Golem    Hex/Summ       13%        N/A       11%         3
 Sandblast                Erth           0%         2d4       41%         1
 Ensorcelled Hibernation  Hex/Ice        0%         N/A       54%         2
 Jinxbite                 Hex            0%         N/A       54%         2
 Lesser Beckoning         Tloc           0%         N/A       54%         2
 Passwall                 Tmut/Erth      0%         N/A       54%         2
 Gell's Gravitas          Tloc           0%         N/A       78%         3
 Hailstorm                Conj/Ice       0%         3d3       78%         3
 Inner Flame              Hex/Fire       0%         N/A       78%         3
 Sigil of Binding         Hex            0%         N/A       78%         3
 Stone Arrow              Conj/Erth      0%         3d7       78%         3
 Swiftness                Air            0%         N/A       78%         3
 Teleport Other           Tloc           0%         N/A       78%         3
 Anguish                  Hex/Necr       0%         N/A       99%         4
 Cause Fear               Hex            0%         N/A       99%         4
 Dimensional Bullseye     Hex/Tloc       0%         N/A       99%         4
 Leda's Liquefaction      Hex/Erth       0%         N/A       99%         4
 Summon Cactus Giant      Summ           13%        N/A       43%         6
 Summon Forest            Summ/Tloc      6%         N/A       71%         5
 Summon Mana Viper        Hex/Summ       13%        N/A       71%         5
 Lee's Rapid Deconstruct  Erth           0%         3d4*      100%        5
 Silence                  Hex/Air        0%         N/A       100%        5
 Leda's Unmaking          Conj/Erth      0%         9d1       100%        6
 Simulacrum               Ice/Necr       0%         N/A       100%        6


Dungeon Overview and Level Annotations

Branches:
Dungeon (12/15)            Temple (0/1) D:5            Lair (0/5) D:11
    Orc (0/2) D:10          Sewer (visited)

Altars:
Ashenzari
Elyvilon
Fedhas
Hepliaklqana
Makhleb
Nemelex Xobeh
Okawaru
Sif Muna
Trog
The Shining One

Shops:
D:6 *   D:7 (

Annotations:
D:3 3 runed translucent doors, Doj's ghost, amateur HOMo; Man1s's ghost, amateur HOFi; cforsyth's ghost, weakling DjDe


Innate Abilities, Weirdness & Mutations

Your life essence is reduced to manifest your ancestor. (-10% HP)
You have a beak for a mouth.
You have claws for feet.
Your magical flight helps you evade attacks. (EV +4)
You can magically evade attacks while moving or waiting.


Message History

Your hound closely misses the skeletal warrior.
You hit the skeletal warrior but do no damage.
You claw the skeletal warrior, but do no damage.
The skeletal warrior is lightly damaged.
The skeletal warrior hits you with a +0 scimitar!
Edwyna hits the skeletal warrior but does no damage.
Your hound bites the skeletal warrior but does no damage.
You strike the helpless skeletal warrior from behind!
You hit the skeletal warrior. You peck the skeletal warrior.
The skeletal warrior is moderately damaged.
You closely miss the skeletal warrior. Your kick misses the skeletal warrior.
You peck the skeletal warrior, but do no damage.
The skeletal warrior is moderately damaged.
Your hound bites the skeletal warrior but does no damage.
The skeletal warrior misses you.
You hit the skeletal warrior.
You claw the skeletal warrior, but do no damage.
The skeletal warrior is moderately damaged.
Your hound bites the skeletal warrior but does no damage.
Edwyna hits the skeletal warrior with a +0 flail.
You barely miss the skeletal warrior. Your kick misses the skeletal warrior.
The skeletal warrior is moderately damaged.
Your hound closely misses the skeletal warrior.
The skeletal warrior closely misses you.
You puncture the skeletal warrior! You claw the skeletal warrior.
The skeletal warrior is heavily damaged.
Your hound closely misses the skeletal warrior.
The skeletal warrior hits you with a +0 scimitar!!
* * * LOW HITPOINT WARNING * * *
Edwyna hits the skeletal warrior with a +0 flail!
You puncture the skeletal warrior! You claw the skeletal warrior!
Your peck misses the skeletal warrior.
The skeletal warrior is almost destroyed.
Your hound closely misses the skeletal warrior.
You barely miss the skeletal warrior.
You claw the skeletal warrior, but do no damage.
You peck the skeletal warrior.
The skeletal warrior is almost destroyed.
The skeletal warrior hits you with a +0 scimitar!
You die...

###### ####....# ..R..##.#
#######.# ##### #..R....# #....
#.##################### #....
#.#######...#........^# #....
#.##...##...#.........# #....
#R##.#.##...#...@zR...### #....
#.##.#..'...'.....h...+.## ##....
#....####...#.....[...#..###.....
#########...#................8≈≈≈
#..R..'...+...............)≈8≈≈
#.#####...#................≈≈.'
#.# #...#..........#.....≈≈.#
###.# #...#..........#.....≈≈##
..R.# ########'######.#.....[...


You could see the friendly Edwyna the knight, a skeletal warrior (ally target)
and a friendly hound (summoned).

Vanquished Creatures
  3 skeletal warriors (D:12)
  Maurice (D:8)
  A kobold demonologist (D:12)
  A komodo dragon (D:12)
  3 trolls
  A meliai (D:12)
  A queen bee (D:12)
  6 hornets
  2 shadows (D:11)
  10 yaks
  A wraith (D:10)
  A wyvern (D:8)
  A vampire mosquito (D:11)
  An acid dragon (D:12)
  2 water moccasins
  A floating eye (D:10)
  5 orc warriors
  3 sky beasts
  A black bear (D:11)
  An ice beast (D:8)
  2 ogres
  5 centaurs
  2 phantoms
  2 gnoll sergeants
  3 kobold brigands
  5 bullfrogs
  3 scorpions
  12 killer bees
  A howler monkey (D:8)
  3 electric eels (D:10)
  3 hounds
  2 jellies
  7 orc priests
  2 iron imps (D:10)
  7 orc wizards
  Terence (D:3)
  20 gnolls
  13 adders
  2 shadow imps
  2 white imps
  A worm (D:5)
  2 dart slugs
  40 orcs
  8 ball pythons
  A bat (D:3)
  11 endoplasms
  9 giant cockroaches
  10 goblins
  3 hobgoblins
  6 quokkas
  7 frilled lizards
  21 kobolds
  4 rats (D:1)
266 creatures vanquished.

Vanquished Creatures (collateral kills)
  A two-headed ogre (D:11)
  An ugly thing (D:12)
  An orc sorcerer (D:10)
  A troll (D:10)
  2 meliai (D:12)
  A yak (D:8)
  A wyvern (D:9)
  A shadow (D:12)
  3 wraiths
  A vampire mosquito (D:11)
  A black bear (D:11)
  5 orc warriors
  A centaur (D:7)
  6 killer bees
  2 orc priests
  A gnoll bouda (D:5)
  An iron imp (D:10)
  An iguana (D:5)
  3 orc wizards
  5 gnolls
  2 adders
  A shadow imp (D:6)
  An ufetubus (D:5)
  11 orcs
  3 giant cockroaches
  3 quokkas
  A ball python (D:4)
  A frilled lizard (Sewer)
  3 kobolds (D:9)
65 creatures vanquished.

Vanquished Creatures (others)
  10 knights
10 creatures vanquished.

Grand Total: 341 creatures vanquished

Notes
Turn   | Place    | Note
-------+----------+-------------------------------------------
     0 | D:1      | Aneyh the Tengu Monk began the quest for the Orb.
     0 | D:1      | Reached XP level 1. HP: 14/14 MP: 2/2
   166 | D:1      | Reached XP level 2. HP: 19/19 MP: 3/3
   243 | D:1      | Reached skill level 4 in Polearms
   295 | D:1      | Reached XP level 3. HP: 22/22 MP: 4/4
   819 | D:1      | Reached skill level 5 in Polearms
   819 | D:1      | Reached XP level 4. HP: 24/28 MP: 5/5
  1051 | D:2      | Reached XP level 5. HP: 22/32 MP: 6/6
  1430 | D:3      | Reached skill level 6 in Polearms
  1618 | D:3      | Found a runed translucent gate.
  1619 | D:3      | Found a runed translucent gate.
  1620 | D:3      | Found a runed translucent gate.
  1621 | D:3      | Noticed cforsyth's ghost (weakling DjDe)
  1621 | D:3      | Noticed Man1s's ghost (amateur HOFi)
  1621 | D:3      | Noticed Doj's ghost (amateur HOMo)
  1651 | D:3      | Noticed Terence
  1654 | D:3      | Killed Terence
  1784 | D:3      | Found a faded altar of an unknown god.
  1908 | D:3      | Reached XP level 6. HP: 35/37 MP: 7/7
  2279 | D:4      | Reached skill level 7 in Polearms
  2294 | D:4      | Found a hazy altar of Hepliaklqana.
  2301 | D:4      | Became a worshipper of Hepliaklqana the Forgotten
  2301 | D:4      | Reached * piety under Hepliaklqana
  2301 | D:4      | Reached ** piety under Hepliaklqana
  2302 | D:4      | Remembered your ancestor Edwyna as a knight
  2358 | D:4      | Found a bloodstained altar of Trog.
  2676 | D:4      | Found a blossoming altar of Fedhas.
  2681 | D:4      | Found a white marble altar of Elyvilon.
  2813 | D:4      | Found a sparkling altar of Nemelex Xobeh.
  3170 | D:5      | Entered Level 5 of the Dungeon
  3230 | D:5      | Reached skill level 8 in Polearms
  3233 | D:5      | HP: 1/33 [orc priest/+0 morningstar (4)]
  3236 | D:5      | Gained mutation: Your magical flight helps you evade
                  | attacks. (EV +4) [Tengu growth]
  3236 | D:5      | Reached XP level 7. HP: 9/36 MP: 8/8
  3363 | D:5      | Reached skill level 9 in Polearms
  3498 | D:5      | Found an iron altar of Okawaru.
  3643 | D:5      | Reached *** piety under Hepliaklqana
  3649 | D:5      | Reached XP level 8. HP: 41/41 MP: 9/9
  3757 | D:5      | Found a staircase to the Ecumenical Temple.
  3815 | D:6      | Identified a scroll of acquirement
  3817 | D:6      | Acquired the amulet of the Prince of Darkness {Spirit +Inv
                  | rElec}
  3924 | D:6      | Reached skill level 10 in Polearms
  3959 | D:6      | Found a glowing drain.
  3979 | Sewer    | Entered a sewer
  4318 | D:6      | Found Biqeggoety's Fire Supplies.
  4416 | D:6      | Reached skill level 11 in Polearms
  4643 | D:6      | Reached skill level 12 in Polearms
  4905 | D:7      | Reached XP level 9. HP: 42/45 MP: 8/10
  4958 | D:7      | Found a shimmering blue altar of Sif Muna.
  5044 | D:7      | Reached **** piety under Hepliaklqana
  5118 | D:7      | Learned a level 3 spell: Call Canine Familiar
  5131 | D:7      | Found Tanit's Antique Weapon Shoppe.
  5221 | D:7      | Found a glowing golden altar of the Shining One.
  5274 | D:7      | Reached skill level 1 in Summonings
  5687 | D:7      | Reached skill level 13 in Polearms
  6295 | D:8      | Reached skill level 14 in Polearms
  6311 | D:8      | Reached XP level 10. HP: 38/50 MP: 7/11
  6373 | D:8      | Got the Compilation of Ill Luck
  6416 | D:8      | Noticed Maurice
  6432 | D:8      | Killed Maurice
  6433 | D:8      | Reached skill level 15 in Polearms
  6691 | D:9      | Reached ***** piety under Hepliaklqana
  7468 | D:10     | Entered Level 10 of the Dungeon
  7535 | D:10     | Reached skill level 16 in Polearms
  7841 | D:10     | Found a broken altar of Ashenzari.
  7981 | D:10     | Reached skill level 17 in Polearms
  7987 | D:10     | Reached XP level 11. HP: 50/54 MP: 2/12
  8144 | D:10     | Learned a level 4 spell: Summon Ice Beast
  8169 | D:10     | Found a burning altar of Makhleb.
  8548 | D:10     | Paralysed by a floating eye for 3 turns
  8585 | D:10     | Reached skill level 5 in Summonings
  8595 | D:10     | Noticed an orc sorcerer
  8599 | D:10     | Paralysed by an orc sorcerer for 5 turns
  8606 | D:10     | Paralysed by an orc sorcerer for 4 turns
  8608 | D:10     | Killed an orc sorcerer
  8735 | D:10     | Found a staircase to the Orcish Mines.
  9012 | D:11     | Found an iron altar of Okawaru.
  9121 | D:11     | Reached skill level 18 in Polearms
  9359 | D:11     | Found a staircase to the Lair.
  9516 | D:11     | Noticed a two-headed ogre
  9525 | D:11     | Killed a two-headed ogre
 10377 | D:12     | Noticed a centaur warrior
 10425 | D:12     | Noticed a faun
 10689 | D:12     | Noticed a skeletal warrior
 10692 | D:12     | Noticed a skeletal warrior
 10910 | D:12     | Noticed a skeletal warrior
 10910 | D:12     | Noticed a skeletal warrior
 11001 | D:12     | Killed a skeletal warrior
 11018 | D:12     | Killed a skeletal warrior
 11067 | D:12     | Killed a skeletal warrior
 11068 | D:12     | Reached skill level 10 in Summonings
 11068 | D:12     | Reached XP level 12. HP: 59/59 MP: 13/13
 11577 | D:12     | Noticed a soul eater
 11873 | D:10     | Slain by a skeletal warrior

Illustrated notes

Levels and vault maps discovered:
D:1:      roderic_crop_circles_arrival_small, layout_rooms,
          minmay_misc_feat_cross
D:2:      layout_loops_ring
D:3:      layout_rooms, shapermc_ecumenical_altar_mp_vishouse,
          gammafunk_ghost_cemetery, kennysheep_generic_room_14, uniq_terence
D:4:      layout_gridville, lemuel_doored_altar,
          worldfamousw_hep_ancestral_shrine, mainiacjoe_overflow_big_doors,
          bloody_trog, serial_co_window_serial, co_window_paths_b,
          co_window_paths_a, co_window_corner_a, co_window_paths_a,
          co_window_of_opportunity_a, co_window_of_opportunity_a,
          co_window_corner_a, co_window_paths_c, co_window_corner_b,
          co_window_2corner, co_window_unsneaky_path_a, glass_columns_b,
          glass_columns_a
D:5:      layout_rooms, nicolae_overflow_hidden_temple, temple_hall
D:6:      layout_loops_ring, portal_sewer_entry_f, nicolae_shop_fire_sale
          [nicolae_sub_dead_trees]
D:7:      layout_layer_cave, lemuel_tele_altar, tso_oasis_becter, serial_shops,
          nicolae_shop_competitors_out_of_business
D:8:      layout_basic, uniq_maurice
D:9:      layout_irregular_city
D:10:     hellmonk_paralyzer, layout_basic, mainiacjoe_overflow_alcove_1,
          demons_altar, erik_orc_2
D:11:     layout_basic, grunt_lair_entry_orc_guard_hut, serial_glass,
          glass_columns_a, glass_columns_a, kennysheep_okawaru_gauntlet
D:12:     layout_roguey, special_room [special_room_bee], centaur_isle

Skill      XL: |  1  2  3  4  5  6  7  8  9 10 11 12 |
---------------+-------------------------------------+-----
Polearms       | 4 5 6 8 9 12 14 17 18 | 18.0
Dodging        | 4 |  4.0
Summonings     | 4 10 12 | 12.0
Fighting       | 4 |  4.0

Action                     |  1- 3 |  4- 6 |  7- 9 | 10-12 || total
---------------------------+-------+-------+-------+-------++-------
  Melee: Spear             |    60 |    14 |       |       ||    74
         Kick              |    19 |    16 |    53 |    86 ||   174
         Peck              |     7 |    10 |    27 |    51 ||    95
         Trident           |       |    97 |   246 |   495 ||   838
         Punch             |       |     2 |     2 |     4 ||     8
   Fire: Shortbow          |    26 |       |       |       ||    26
         Longbow           |     9 |       |       |   122 ||   131
   Cast: Call Canine Famil |       |       |       |    41 ||    41
         Summon Ice Beast  |       |       |       |     2 ||     2
 Invoke: Ancestor Life: Kn |       |     1 |       |       ||     1
         Recall Ancestor   |       |       |       |     4 ||     4
    Use: Scroll            |       |     1 |     5 |       ||     6
         Potion            |       |     1 |       |     3 ||     4
   Stab: Sleeping          |     2 |     6 |     3 |       ||    11
         Distracted        |       |       |       |     5 ||     5
 Armour: Robe              |     8 |    27 |       |       ||    35
         Leather armour    |       |     7 |    53 |   113 ||   173
  Dodge: Dodged            |    25 |    34 |   107 |   206 ||   372
  Block: Other             |       |     3 |     2 |       ||     5
         Reflection        |       |       |     1 |       ||     1

Table legend: (Time is in decaauts)
 A = Elapsed time spent in this place.
 B = Non-inter-level travel time spent in this place.
 C = Inter-level travel time spent in this place.
 D = Time resting spent in this place.
 E = Time spent auto-exploring this place.
 F = Levels seen in this place.
 G = Mean time per level.
                   A        B        C        D        E       F      G
               +--------+--------+--------+--------+--------+-----+--------+
         Total |  11717 |  11268 |    449 |   1390 |   7347 |  13 |  901.3 |
       Dungeon |  11512 |  11063 |    449 |   1390 |   7237 |  12 |  959.3 |
         Sewer |    205 |    205 |      0 |      0 |    110 |   1 |  205.0 |
               +--------+--------+--------+--------+--------+-----+--------+

Top non-repeatable levels by time:
    D:11: 1663 daAuts
    D:10: 1509 daAuts
     D:7: 1163 daAuts
    D:12: 1124 daAuts
     D:4: 1101 daAuts
     D:9: 937 daAuts
     D:6: 824 daAuts
     D:2: 768 daAuts
     D:1: 661 daAuts
     D:3: 644 daAuts
     D:5: 631 daAuts
     D:8: 483 daAuts
   Sewer: 205 daAuts
